 Dungeon Crawl Stone Soup version 0.31.0-12-g77e489cdc1 (webtiles) character file.

Game seed: 13231100226747326161

47550 Garbanzo the Basher (level 14, 0/108 HPs)
             Began as a Demonspawn Monk on Mar 1, 2024.
             Was an Initiate of Gozag.
             Slain by a skeletal warrior
             ... wielding a +0 glaive
              (8 damage)
             ... on level 11 of the Dungeon on Mar 2, 2024.
             The game lasted 00:53:47 (20114 turns).

Garbanzo the Basher (Demonspawn Monk)              Turns: 20114, Time: 00:53:48

Health: 0/108      AC: 23    Str: 15    XL:     14   Next: 9%
Magic:  14/14      EV: 10    Int: 17    God:    Gozag
Gold:   863        SH:  9    Dex: 15    Spells: 13/13 levels left

rFire   . . .        p - +3 hammer (drain)
rCold   + . .        H - +0 buckler
rNeg    . . .        L - +0 plate armour
rPois   .            (helmet restricted)
rElec   +            a - +1 cloak {rCorr}
rCorr   +            k - +1 pair of gloves
SInv    .            (no boots)
Will    ++...        (no amulet) Stlth
                     e - ring of willpower
HPRegen 0.38/turn    I - ring of Light {rElec rC+ Int+6 Dex-2}
MPRegen 0.14/turn

%: repel missiles
@: on berserk cooldown, slowed, very slow
A: repulsion field 3, icemail 1, spiny 1, condensation shield, weakness stinger
2, antennae 1, MP-powered wands
a: Renounce Religion, Potion Petition, Call Merchant, Bribe Branch


You were on level 11 of the Dungeon.
You worshipped Gozag.
Gozag was pleased with you.
You visited 3 branches of the dungeon, and saw 16 of its levels.
You also visited: Bailey.

You collected 4109 gold pieces.
You paid 3246 gold pieces to Gozag.

Inventory:

Hand Weapons
 p - a +3 hammer of draining (weapon)
 Q - the +9 trident "Jenedour" {freeze, rN+ Str+3}
   (You found it on level 5 of the Lair of Beasts)

   Str+3:     It affects your strength (+3).
   rN+:       It protects you from negative energy.
Missiles
 C - 4 throwing nets
Armour
 a - a +1 cloak of preservation (worn)
 c - a +0 helmet
 k - a +1 pair of gloves (worn)
 H - a +0 buckler (worn)
 L - a +0 plate armour (worn)
Jewellery
 e - a ring of willpower (left hand)
 r - a ring of positive energy
 x - a ring of protection from fire
 y - a ring of resist corrosion
 D - a ring of see invisible
 I - the ring of Light (right hand) {rElec rC+ Int+6 Dex-2}
   (You took it off Maggie on level 10 of the Dungeon)

   [ring of intelligence]

   Int+6:     It affects your intelligence (+6).
   Dex-2:     It affects your dexterity (-2).
   rC+:       It protects you from cold.
   rElec:     It insulates you from electricity.
Talismans
 d - a talisman of death
 m - a blade talisman
 M - a maw talisman
Wands
 q - a wand of mindburst (5) (quivered)
 z - a wand of paralysis (7)
 A - a wand of digging (4)
 E - a wand of flame (23)
Scrolls
 h - 2 scrolls of fog
 i - a scroll of brand weapon
 o - 6 scrolls of teleportation
 s - 2 scrolls of fear
 t - a scroll of summoning
 u - 2 scrolls of identify
 w - 4 scrolls of amnesia
 F - a scroll of revelation
 N - a scroll of silence
Potions
 b - 2 potions of magic
 f - 5 potions of curing
 g - a potion of lignification
 j - a potion of haste
 l - 2 potions of invisibility
 n - 3 potions of enlightenment
 v - 3 potions of ambrosia
 B - 2 potions of berserk rage
 J - 3 potions of cancellation
 K - 2 potions of might
 O - a potion of heal wounds
 P - a potion of brilliance


   Skills:
 + Level 9.1 Fighting
 + Level 0.1 Short Blades
 * Level 13.9 Maces & Flails
 * Level 10.3 Armour
 + Level 5.6 Dodging
 - Level 0.2 Stealth
 + Level 4.8 Shields
 * Level 8.4 Evocations
 * Level 7.5 Shapeshifting


You had 13 spell levels left.
You didn't know any spells.
Your spell library contained the following spells:

 Spells                   Type           Power      Damage    Failure   Level
 Sting                    Conj/Alch      0%         1d3       100%        1
 Mercury Vapours          Alch/Air       0%         N/A       100%        2
 Scorch                   Fire           0%         2d5       100%        2
 Frozen Ramparts          Ice            0%         1d1       100%        3
 Tukima's Dance           Hex            0%         N/A       100%        3
 Flame Wave               Conj/Fire      0%         2d4       100%        4
 Leda's Liquefaction      Alch/Erth      0%         N/A       100%        4
 Manifold Assault         Tloc           0%         N/A       100%        4
 Olgreb's Toxic Radiance  Alch           0%         N/A       100%        4
 Passage of Golubria      Tloc           0%         N/A       100%        4
 Petrify                  Alch/Erth      0%         N/A       100%        4
 Metabolic Englaciation   Hex/Ice        0%         N/A       100%        5
 Yara's Violent Unravell  Hex/Alch       0%         3d3       100%        5
 Dispersal                Tloc           0%         N/A       100%        6
 Summon Cactus Giant      Summ           0%         N/A       100%        6
 Disjunction              Tloc           0%         N/A       100%        8


Dungeon Overview and Level Annotations

Branches:
Dungeon (11/15)            Temple (1/1) D:4            Lair (5/5) D:11
  Swamp (0/4) Lair:3        Snake (0/4) Lair:2        Slime (0/5) Lair:4
    Orc (0/2) D:10         Bailey (visited)

Altars:
Ashenzari
Cheibriados
Dithmenos
Fedhas
Gozag
Hepliaklqana
Kikubaaqudgha
Makhleb
Nemelex Xobeh
Okawaru
Qazlal
Ru
Sif Muna
Trog
Uskayaw
Vehumet
Wu Jian
Xom
Yredelemnul

Shops:
D:3 [

Annotations:
Lair:1 2 runed translucent doors, Tripartite's ghost, journeyman OpSh


Innate Abilities, Weirdness & Mutations

You are surrounded by a strong repulsion field. (EV +4, RMsl)
A meltable icy envelope protects you from harm. (AC +4)
You are partially covered in sharp spines.
A meltable shield of frost defends you. (SH +4)
You have a tail ending in a sharp stinger.
You have a pair of small antennae on your head.
You expend magic power (3 MP) to strengthen your wands.


Message History

* * * LOW HITPOINT WARNING * * *
You sock the skeletal warrior!
The skeletal warrior is heavily damaged.
You hit the skeletal warrior but do no damage.
You tail-slap the skeletal warrior.
The skeletal warrior is heavily damaged.
You block the skeletal warrior's attack.
You closely miss the skeletal warrior.
The skeletal warrior is heavily damaged.
You hit the skeletal warrior.
The skeletal warrior is heavily damaged.
The skeletal warrior hits you with a +0 glaive.
* * * LOW HITPOINT WARNING * * *
You sock the skeletal warrior! You tail-slap the skeletal warrior.
The skeletal warrior is severely damaged.
You closely miss the skeletal warrior.
The skeletal warrior is severely damaged.
The skeletal warrior is struck by your spines.
The skeletal warrior completely misses you.
You hit the skeletal warrior. You tail-slap the skeletal warrior.
The skeletal warrior is severely damaged.
The skeletal warrior hits you with a +0 glaive.
* * * LOW HITPOINT WARNING * * *
You barely miss the skeletal warrior.
The skeletal warrior is severely damaged.
You are no longer berserk.
You are exhausted.
You feel yourself slow down.
You hit the skeletal warrior. You tail-slap the skeletal warrior.
The skeletal warrior is almost destroyed.
You block the skeletal warrior's attack.
You completely miss the skeletal warrior.
The skeletal warrior is almost destroyed.
You block the skeletal warrior's attack.
You thump the skeletal warrior!
You tail-slap the skeletal warrior, but do no damage.
The skeletal warrior is almost destroyed.
The skeletal warrior hits you with a +0 glaive!
You die...
Your body crumbles into a pile of gold.

..#....[......'..................
..#...........#..................
..#############...........>......
............................)....
######.....#####..#######........
#.....# #..# ####..... #.....#
#.## #..... #.....# #.# #.....
#....z# #@# #.....
######.....#####z# #.....
.................###########.....
#####.................z......####
#...#.................z......#
#...#........................#
....###.#####.........####z..#
......#.#...#...####### #...#
......#.#...'...# #...#


You could see a skeletal warrior.

Vanquished Creatures
  Harold (D:9)
  2 vault guards (Bailey)
  2 hydras
  2 catoblepae
  A merfolk avatar (Lair:5)
  A boulder beetle (D:11)
  2 two-headed ogres (D:7)
  3 death yaks (Lair:5)
  Sonja (D:10)
  3 skeletal warriors (D:11)
  A sea snake (Lair:5)
  A skyshark (Lair:4)
  An arcanist (D:11)
  A bog body (Lair:3)
  Pikel (D:8)
  2 oklob plants
  Maurice (D:10)
  3 black mambas
  17 elephants
  8 cane toads
  Joseph (D:10)
  A torpor snail (Lair:5)
  Maggie (D:10)
  An unseen horror (D:10)
  3 komodo dragons
  6 rime drakes
  Psyche (D:11)
  A troll (D:11)
  3 wind drakes (Lair:5)
  5 polar bears
  Prince Ribbit (Bailey)
  Grinder (D:3)
  2 hornets (Lair:5)
  12 blink frogs
  A vampire (D:9)
  A spriggan (D:7)
  A shadow (D:11)
  A wyvern (Lair:5)
  3 basilisks
  53 yaks
  4 wargs (D:10)
  2 steam dragons
  Menkaure (D:5)
  3 nagas (Lair:2)
  2 swamp worms (Lair:3)
  10 water moccasins
  A sky beast (D:7)
  3 orc warriors
  3 ice beasts
  2 ogres
  A black bear (D:4)
  4 wolves (Lair:3)
  2 kobold brigands (D:8)
  20 bullfrogs
  A gnoll sergeant (D:10)
  2 scorpions
  3 wights (D:9)
  22 killer bees
  3 howler monkeys
  5 electric eels (Lair:3)
  A crimson imp (D:11)
  A bombardier beetle (D:5)
  2 hounds
  5 orc priests
  Crazy Yiuf (D:4)
  2 jellies
  2 sleepcaps (D:7)
  Terence (D:2)
  An iguana (D:4)
  7 orc wizards
  Robin (D:3)
  8 adders
  9 gnolls
  A white imp (D:5)
  3 dart slugs
  27 orcs
  7 endoplasms
  A giant cockroach (D:4)
  19 goblins
  8 hobgoblins
  16 kobolds
  7 quokkas
  4 ball pythons
  2 bats
  4 frilled lizards
  4 rats
391 creatures vanquished.

Notes
Turn   | Place    | Note
-------+----------+-------------------------------------------
     0 | D:1      | Garbanzo the Demonspawn Monk began the quest for the Orb.
     0 | D:1      | Reached XP level 1. HP: 18/18 MP: 1/1
   247 | D:1      | Found a faded altar of an unknown god.
   324 | D:1      | Gained mutation: A meltable shield of frost defends you.
                  | (SH +4) [demonic ancestry]
   324 | D:1      | Reached XP level 2. HP: 24/24 MP: 2/2
   509 | D:1      | Reached skill level 3 in Maces & Flails
  1176 | D:2      | Gained mutation: You have a small tail. [demonic ancestry]
  1176 | D:2      | Reached XP level 3. HP: 18/29 MP: 3/3
  1261 | D:2      | Reached skill level 1 in Shapeshifting
  1356 | D:2      | Found a transporter.
  1356 | D:2      | Found Ziplu Qez's Magic Scroll Emporium.
  1456 | D:2      | Identified the +3 ring mail of the Distant Future {rPois}
  1506 | D:2      | Noticed Terence
  1670 | D:2      | Killed Terence
  1671 | D:2      | Reached XP level 4. HP: 14/35 MP: 4/4
  1778 | D:2      | Found a transporter.
  1913 | D:3      | Noticed Robin
  2042 | D:3      | Killed Robin
  2157 | D:3      | Found a shadowy altar of Dithmenos.
  2209 | D:3      | Found a sacrificial altar of Ru.
  2404 | D:3      | Noticed Grinder
  2409 | D:3      | Paralysed by Grinder for 4 turns
  2421 | D:3      | Paralysed by Grinder for 4 turns
  2439 | D:3      | Killed Grinder
  2440 | D:3      | Reached skill level 4 in Maces & Flails
  2440 | D:3      | Reached XP level 5. HP: 31/42 MP: 5/5
  2440 | D:3      | Gained mutation: A meltable icy envelope protects you from
                  | harm. (AC +4) [demonic ancestry]
  2440 | D:3      | Reached XP level 6. HP: 36/48 MP: 6/6
  2582 | D:3      | Found Kietzen's Antique Armour Boutique.
  2822 | D:4      | Noticed an ice beast
  2837 | D:3      | HP: 1/48 [ice beast (8)]
  2848 | D:3      | Killed an ice beast
  3152 | D:4      | Reached XP level 7. HP: 37/54 MP: 7/7
  3395 | D:4      | Reached skill level 5 in Maces & Flails
  3395 | D:4      | Reached skill level 1 in Armour
  3499 | D:4      | Found a runed translucent door.
  3502 | D:4      | Noticed Crazy Yiuf
  3511 | D:4      | Killed Crazy Yiuf
  3574 | D:4      | Found a staircase to the Ecumenical Temple.
  3583 | Temple   | Entered the Ecumenical Temple
  3656 | Temple   | Became a worshipper of Gozag Ym Sagoz the Greedy
  3719 | D:5      | Entered Level 5 of the Dungeon
  3871 | D:4      | Reached skill level 1 in Evocations
  4197 | D:5      | Noticed Menkaure
  4387 | D:5      | Reached XP level 8. HP: 55/61 MP: 8/8
  4403 | D:5      | Killed Menkaure
  4577 | D:5      | You fall into a shaft and drop 3 floors!
  4804 | D:7      | Reached skill level 6 in Maces & Flails
  4982 | D:7      | Reached skill level 5 in Fighting
  5391 | D:7      | Reached XP level 9. HP: 68/68 MP: 9/9
  5433 | D:7      | Noticed a two-headed ogre
  5433 | D:7      | Noticed a two-headed ogre
  5455 | D:7      | Killed a two-headed ogre
  5456 | D:7      | Reached skill level 7 in Maces & Flails
  5460 | D:7      | Killed a two-headed ogre
  5461 | D:7      | Reached skill level 5 in Dodging
  5467 | D:7      | Reached skill level 5 in Armour
  5527 | D:7      | Found the +8 pair of quick blades "Gyre" and "Gimble"
                  | {protect}
  5974 | D:8      | Noticed Pikel
  5998 | D:8      | Killed Pikel
  5999 | D:8      | Reached skill level 8 in Maces & Flails
  5999 | D:8      | Gained mutation: You are partially covered in sharp spines.
                  | [demonic ancestry]
  5999 | D:8      | Reached XP level 10. HP: 71/76 MP: 10/10
  6126 | D:8      | Gained mutation: You expend magic power (3 MP) to
                  | strengthen your wands. [potion of mutation]
  6126 | D:8      | Gained mutation: You are weak. (Str -2) [potion of
                  | mutation]
  6126 | D:8      | Gained mutation: You are agile. (Dex +4, Str/Int -1)
                  | [potion of mutation]
  6705 | D:9      | Found a flagged portal.
  6717 | Bailey   | Entered a bailey
  6922 | Bailey   | Noticed Prince Ribbit
  6924 | Bailey   | Reached skill level 5 in Evocations
  6926 | Bailey   | Noticed a vault guard
  6959 | Bailey   | Killed a vault guard
  6960 | Bailey   | Reached skill level 9 in Maces & Flails
  6962 | Bailey   | Reached skill level 5 in Shapeshifting
  6968 | Bailey   | Killed Prince Ribbit
  7171 | Bailey   | Noticed a vault guard
  7198 | Bailey   | Killed a vault guard
  7888 | D:9      | Noticed Harold
  7914 | D:9      | Killed Harold
  8417 | D:10     | Entered Level 10 of the Dungeon
  8505 | D:10     | Gained mutation: You are surrounded by a mild repulsion
                  | field. (EV +2) [demonic ancestry]
  8505 | D:10     | Reached XP level 11. HP: 83/83 MP: 11/11
  8544 | D:10     | Noticed Joseph
  8565 | D:10     | Killed Joseph
  8716 | D:10     | Reached skill level 10 in Maces & Flails
  8742 | D:10     | Found a staircase to the Orcish Mines.
  9049 | D:10     | Noticed Maurice
  9075 | D:10     | Killed Maurice
  9176 | D:10     | Identified the ring of Light {rElec rC+ Int+6 Dex-2}
  9176 | D:10     | Noticed Maggie
  9192 | D:10     | Killed Maggie
  9615 | D:10     | Noticed Sonja
  9633 | D:10     | Killed Sonja
  9891 | D:11     | Identified the +2 long sword "Xyni" {flame, rC+}
  9922 | D:11     | Noticed a boulder beetle
  9958 | D:11     | Killed a boulder beetle
 10150 | D:11     | Noticed Psyche
 10157 | D:11     | Killed Psyche
 10184 | D:11     | Noticed an arcanist
 10195 | D:11     | Killed an arcanist
 10196 | D:11     | Reached skill level 11 in Maces & Flails
 10662 | D:11     | Found a staircase to the Lair.
 11005 | D:11     | Noticed a skeletal warrior
 11005 | D:11     | Noticed a skeletal warrior
 11005 | D:11     | Noticed a skeletal warrior
 11005 | D:11     | Noticed a skeletal warrior
 11530 | Lair:1   | Entered Level 1 of the Lair of Beasts
 12051 | Lair:1   | Found a large runed translucent door.
 12051 | Lair:1   | Found a large runed translucent door.
 12052 | Lair:1   | Noticed Tripartite's ghost (journeyman OpSh)
 12125 | Lair:1   | Identified the +2 leather armour of Grottiness {^Drain
                  | rN+++ Dex-5 Slay+5}
 12182 | Lair:1   | Gained mutation: You are surrounded by a moderate repulsion
                  | field. (EV +3) [demonic ancestry]
 12182 | Lair:1   | Reached XP level 12. HP: 42/91 MP: 12/12
 12988 | Lair:1   | Reached skill level 1 in Shields
 13027 | Lair:2   | Lost mutation: You are agile. (Dex +4, Str/Int -1) [potion
                  | of mutation]
 13027 | Lair:2   | Lost mutation: You are weak. (Str -2) [potion of mutation]
 13027 | Lair:2   | Gained mutation: You have a pair of small antennae on your
                  | head. [potion of mutation]
 13027 | Lair:2   | Gained mutation: Your spells are a little easier to cast,
                  | but a little less powerful. [potion of mutation]
 13027 | Lair:2   | Lost mutation: Your spells are a little easier to cast, but
                  | a little less powerful. [potion of mutation]
 13362 | Lair:2   | Reached skill level 12 in Maces & Flails
 13965 | Lair:2   | Found a staircase to the Snake Pit.
 14839 | Lair:3   | Noticed a five-headed hydra
 14847 | Lair:3   | Killed a five-headed hydra
 15390 | Lair:3   | Found a staircase to the Swamp.
 15938 | Lair:3   | Gained mutation: You are surrounded by a strong repulsion
                  | field. (EV +4, RMsl) [demonic ancestry]
 15938 | Lair:3   | Reached XP level 13. HP: 85/98 MP: 13/13
 16870 | Lair:4   | Reached skill level 13 in Maces & Flails
 17178 | Lair:4   | Found a staircase to the Slime Pits.
 17513 | Lair:4   | You fall into a shaft and drop 1 floor!
 17513 | Lair:5   | Entered Level 5 of the Lair of Beasts
 17901 | Lair:5   | Reached skill level 10 in Armour
 18622 | Lair:5   | Identified the +0 scale mail of Dishonesty {rC+ Int+3}
 18623 | Lair:5   | Identified the +9 trident "Jenedour" {freeze, rN+ Str+3}
 19279 | Lair:5   | Gained mutation: You have a tail ending in a sharp stinger.
                  | [demonic ancestry]
 19279 | Lair:5   | Reached XP level 14. HP: 82/108 MP: 14/14
 20114 | D:11     | Slain by a skeletal warrior

Illustrated notes

Levels and vault maps discovered:
D:1:      minmay_arrival_loop, layout_basic, dreamdust_ecumenical_altar_statues
D:2:      layout_basic, serial_shops, nicolae_shop_drivethru, uniq_terence
D:3:      layout_rooms, mainiacjoe_overflow_catch_the_wave, serial_shops,
          nicolae_shop_stone, uniq_grinder, uniq_robin
D:4:      layout_rooms, lemuel_temple_firewalk_b, uniq_crazy_yiuf_cottage
D:5:      layout_cave_pools, uniq_menkaure
D:7:      layout_basic, hellmonk_guarded_unrand_gyre_and_gimble
D:8:      layout_loops_corners, amcnicky_altar_gilded, uniq_pikel
D:9:      layout_basic, enter_bailey_5, serial_curves, eino_curves_02,
          eino_curves_03, eino_curves_02, uniq_harold
D:10:     layout_small_grid, david_orc_1_choice, uniq_joseph, uniq_maurice,
          uniq_maggie, uniq_sonja
D:11:     layout_irregular_city, lair_entry_dummy, lightli_wizard_tower,
          uniq_psyche
Temple:   nicolae_temple_bog_church
Lair:1:   layout_regular_city, ebering_ghost_disaster_area, lemuel_fruit_fields,
          infiniplex_staircase_pool_2
Lair:2:   layout_regular_city, nicolae_snake_entry_squirm
Lair:3:   layout_cave_shapes, nicolae_swamp_entry_splash_gauntlet,
          serial_bayou_lake_a
Lair:4:   layout_concentric_octagons, slime_entry_1, cheibrodos_lair_reptile_den
Lair:5:   gammafunk_lair_ancient_temple, layout_cave_pods, columned_hall_lemuel,
          minivault_26

Skill      XL: |  1  2  3  4  5  6  7  8  9 10 11 12 13 |
---------------+----------------------------------------+-----
Dodging        | 3 4 5 |  5.6
Maces & Flails | 3 4 5 6 8 9 11 12 13 | 13.9
Shapeshifting  | 1 2 3 4 5 6 7 |  7.5
Fighting       | 4 5 6 7 8 9 |  9.1
Armour         | 2 4 5 6 7 9 10 | 10.3
Evocations     | 1 3 4 5 6 7 8 |  8.4
Shields        | 3 4 |  4.8
Short Blades   | |  0.1
Stealth        | |  0.2

Action                     |  1- 3 |  4- 6 |  7- 9 | 10-12 | 13-15 || total
---------------------------+-------+-------+-------+-------+-------++-------
  Melee: Mace              |    98 |   135 |   241 |   935 |   662 ||  2071
         Tailslap          |     5 |    27 |    56 |   223 |   156 ||   467
         Pair of quick bla |       |       |    19 |       |       ||    19
 Invoke: Potion Petition   |       |       |     1 |     2 |     5 ||     8
  Evoke: Wand              |       |       |       |     6 |     3 ||     9
    Use: Scroll            |     4 |     5 |     3 |    17 |     4 ||    33
         Potion            |     2 |     4 |       |     7 |     2 ||    15
   Stab: Distracted        |       |       |       |     5 |     2 ||     7
         Paralysed         |       |       |       |     6 |       ||     6
 Armour: Robe              |    54 |    88 |       |       |       ||   142
         Chain mail        |       |    40 |   229 |   251 |       ||   520
         Skin              |       |       |       |    14 |       ||    14
         Plate armour      |       |       |       |   368 |   436 ||   804
  Dodge: Dodged            |    81 |    95 |   119 |   303 |   202 ||   800
         Repelled          |       |       |       |       |     1 ||     1
  Block: Other             |       |       |     1 |       |       ||     1
         Buckler           |       |       |       |   180 |   255 ||   435
         Form:             |       |     2 |       |     1 |       ||     3
         Blade             |       |     2 |       |       |       ||     2
         Death             |       |       |       |     1 |       ||     1
